Map: Cosmic Sapphire

Players

Dolan

  • Race: Terran Terran
  • Spawn Location: 11:00

Elazer - Winner!

  • Race: Zerg Zerg
  • Spawn Location: 5:00

Event: DreamHack SC2 Masters 2022 Atlanta (Offline)

VOD

Have the link to the VOD?

Description

Time

  • Played on: Nov. 18, 2022, 1:20 p.m.
  • Length: 17:02

All games in this series

Show
View Real Time Build Order
Export as new Build Order

Dolan Terran 

Build Orders: Hellion Opening, Reaper Expand, Mech 

Get SALT Encoding   

  12  0:00  SCV  
  13  0:12  SCV  
  14  0:16  Supply Depot  
  14  0:24  SCV  
  15  0:38  SCV  
  15  0:39  Barracks  
  15  0:42  Refinery  
  16  0:50  SCV  
  17  1:02  SCV  
  18  1:14  SCV  
  19  1:26  Reaper, Orbital Command  
  20  1:39  Command Center  
  20  1:47  Supply Depot  
  20  1:52  SCV  
  21  1:58  Marine  
  22  2:04  SCV  
  23  2:09  Factory  
  23  2:13  Refinery  
  23  2:16  SCV  
  23  2:18  Barracks Reactor  
  24  2:28  SCV  
  25  2:40  SCV  
  26  2:51  Orbital Command  
  26  2:52  SCV  
  26  2:53  Starport  
  27  2:59  Hellion x2  
  27  3:00  Barracks Tech Lab  
  27  3:04  SCV  
  32  3:17  SCV x2  
  34  3:21  Supply Depot, Hellion x2  
  38  3:33  SCV x2, Fusion Core  
  39  3:38  Marine  
  40  3:45  SCV x2  
  40  3:48  Supply Depot, Hellion x2  
  46  3:57  SCV x2  
  48  4:09  SCV x2  
  50  4:10  Command Center  
  50  4:22  SCV  
  50  4:23  SCV  
  52  4:25  Battlecruiser  
  58  4:31  Refinery  
  58  4:32  Refinery  
  58  4:36  Supply Depot  
  58  4:37  SCV x2  
  59  4:50  SCV x2  
  61  4:56  Supply Depot  
  61  5:03  SCV x2, Factory x2  
  63  5:14  Hellion x2  
  67  5:15  SCV x2  
  69  5:27  SCV x2  
  71  5:30  Engineering Bay  
  71  5:39  SCV x2  
  74  5:44  Orbital Command  
  71  5:51  SCV x2  
  71  5:56  Battlecruiser, Factory Tech Lab x2  
  77  5:57  Hellion  
  77  5:58  Hellion  
  77  6:03  SCV x2  
  83  6:15  SCV x2  
  85  6:19  Siege Tank x2  
  85  6:20  Hellion  
  85  6:24  Armory x2  
  93  6:26  Supply Depot  
  93  6:31  SCV x2, Hellion  
  97  6:33  Orbital Command  
  97  6:38  Refinery  
  97  6:42  Hellion, Refinery  
  97  6:43  SCV x2  
  101  6:53  Hellion  
  103  6:55  SCV x2  
  103  6:59  SCV  
  106  7:02  Siege Tank  
  106  7:07  Supply Depot  
  109  7:09  Supply Depot  
  109  7:29  Terran Vehicle And Ship Armor Level 1, SCV, Terran Vehicle Weapons Level 1, Siege Tank, Hellion x2  
  117  7:30  SCV x2  
  117  7:33  Supply Depot  
  117  7:34  Siege Tank  
  117  7:35  Factory x2  
  122  7:38  Missile Turret  
  122  7:39  Missile Turret  
  122  7:40  Missile Turret  
  121  7:50  SCV x3  
  121  7:51  Supply Depot  
  124  7:52  Supply Depot  
  124  7:54  Hellion x2  
  127  8:04  Battlecruiser  
  133  8:06  SCV  
  133  8:07  SCV  
  133  8:08  SCV  
  136  8:17  Weapon Refit  
  136  8:21  Cyclone, Factory Tech Lab, Factory Reactor  
  136  8:22  Cyclone, Hellion  
  136  8:23  Hellion  
  146  8:32  Missile Turret  
  146  8:33  Sensor Tower  
  146  8:37  SCV x3  
  149  8:49  Cyclone  
  149  8:50  Mag-Field Accelerator  
  149  8:54  Factory Tech Lab x2  
  152  9:09  Hellion x2  
  156  9:22  SCV  
  157  9:26  Command Center  
  157  9:27  Supply Depot  
  157  9:28  Cyclone x2, Hellion, Command Center  
  165  9:33  Supply Depot  
  165  9:35  SCV, Siege Tank, Hellion  
  128  9:50  SCV x2  
  124  9:55  Hellion x2  
  124  9:57  Terran Vehicle Weapons Level 2, Terran Vehicle And Ship Armor Level 2  
  128  10:00  Siege Tank  
  128  10:02  SCV x2  
  133  10:08  Siege Tank  
  136  10:14  SCV  
  136  10:15  SCV  
  136  10:19  Sensor Tower  
  136  10:20  Missile Turret  
  138  10:26  Hellion x2  
  142  10:36  Siege Tank  
  142  10:37  Cyclone  
  148  11:11  Thor  
  148  11:12  Thor  
  148  11:14  Thor  
  161  11:21  Hellion x2  
  161  11:23  SCV x2  
  164  11:27  Planetary Fortress  
  164  11:33  Orbital Command  
  164  11:35  SCV x2  
  164  11:39  Hellion x2  
  170  11:48  Infernal Pre-Igniter  
  170  11:59  Siege Tank x3  
  179  12:04  Hellion x3  
  179  12:05  Hellion  
  179  12:08  Refinery  
  163  12:25  Hellion x2  
  146  12:31  Siege Tank  
  146  12:36  Siege Tank x2  
  151  12:37  Hellion x2  
  155  12:46  Hellion  
  157  12:52  Orbital Command  
  157  13:00  Hellion x3  
  157  13:03  Siege Tank  
  157  13:05  Battlecruiser  
  172  13:09  Refinery  
  172  13:16  Siege Tank  
  175  13:26  Siege Tank  
  184  13:27  Hellion x3  
  184  13:28  Hellion  
  184  13:32  Supply Depot  
  130  13:42  Cyclone  
  133  13:48  Hellion x2  
  133  13:54  Siege Tank  
  124  13:56  Hellion x2  
  124  13:58  Siege Tank  
  131  14:08  Terran Vehicle Weapons Level 3, Terran Vehicle And Ship Armor Level 3  
  131  14:11  SCV x2  
  131  14:12  SCV  
  134  14:27  Siege Tank  
  134  14:28  Cyclone  
  134  14:31  Siege Tank  
  141  14:36  Hellion x2  
  141  14:37  Hellion x2  
  149  14:39  SCV  
  150  14:54  Battlecruiser  
  156  15:02  Thor  
  156  15:22  Thor  
  127  15:35  Thor  
  127  15:37  Hellion x3  
  105  15:52  Thor  
  95  15:58  Viking  
  97  16:05  Thor  
  101  16:15  Hellion x2  
  107  16:22  Hellion  
Show
View Real Time Build Order
Export as new Build Order

Elazer Zerg - Winner!

Build Orders: Hatch First, Brood Lord Corruptor 

Get SALT Encoding   

  12  0:00  Drone  
  13  0:11  Overlord  
  13  0:16  Drone  
  14  0:30  Drone x2  
  16  0:46  Hatchery  
  15  0:50  Drone  
  15  0:53  Drone  
  15  0:57  Drone  
  18  1:07  Extractor  
  17  1:12  Spawning Pool  
  17  1:15  Drone  
  17  1:18  Drone  
  18  1:27  Drone  
  19  1:38  Drone  
  20  1:48  Drone  
  21  1:59  Queen x2  
  25  2:02  Zergling x2  
  25  2:03  Zergling x2  
  27  2:11  Drone  
  27  2:13  Metabolic Boost  
  27  2:14  Overlord  
  28  2:32  Evolution Chamber  
  28  2:34  Hatchery  
  28  2:35  Drone x3  
  30  2:37  Drone  
  31  2:44  Queen  
  31  2:50  Overlord  
  33  2:55  Drone x2  
  33  2:58  Drone  
  36  3:08  Overlord  
  36  3:09  Drone x4  
  40  3:16  Queen  
  42  3:22  Queen  
  42  3:26  Drone x2  
  46  3:28  Zergling x2  
  46  3:33  Overlord  
  47  3:44  Drone x4  
  47  3:47  Queen  
  53  3:48  Drone x3  
  53  3:52  Queen  
  53  3:54  Overlord  
  57  3:55  Drone  
  57  4:01  Zergling x8  
  62  4:07  Baneling Nest  
  61  4:10  Drone x2  
  61  4:16  Zergling x2  
  64  4:17  Zergling x6  
  64  4:20  Queen  
  64  4:23  Queen  
  71  4:27  Overlord  
  71  4:34  Spore Crawler  
  71  4:35  Spore Crawler, Queen  
  71  4:37  Drone  
  71  4:38  Spore Crawler, Drone  
  72  4:43  Drone x2  
  74  4:45  Drone  
  74  4:46  Drone x3  
  74  4:48  Drone x2  
  80  4:59  Drone x2  
  82  5:00  Lair  
  82  5:04  Overlord  
  82  5:07  Extractor  
  81  5:08  Drone, Extractor  
  81  5:09  Overlord  
  81  5:14  Overlord  
  80  5:21  Queen x2  
  80  5:22  Drone x5  
  89  5:31  Drone x2  
  89  5:35  Drone x3, Extractor  
  90  5:36  Drone x4  
  90  5:38  Overlord  
  97  5:46  Baneling x4, Hatchery  
  96  5:51  Zergling x12  
  96  5:56  Overlord  
  102  5:59  Extractor  
  102  6:00  Drone x4, Spire, Extractor  
  102  6:01  Drone  
  104  6:04  Queen  
  104  6:08  Overlord  
  106  6:16  Overlord  
  106  6:19  Drone x2  
  106  6:21  Centrifugal Hooks  
  106  6:22  Drone  
  106  6:24  Drone x3  
  106  6:25  Drone x2  
  114  6:28  Overlord  
  114  6:33  Overseer  
  114  6:35  Drone x5  
  114  6:36  Drone  
  119  6:46  Spore Crawler  
  118  6:52  Overlord  
  118  7:00  Roach Warren  
  117  7:03  Drone  
  117  7:04  Overlord x2  
  118  7:08  Drone, Extractor  
  118  7:09  Drone x5, Extractor  
  118  7:11  Hatchery  
  118  7:13  Corruptor  
  118  7:14  Corruptor x4  
  131  7:17  Corruptor x2  
  135  7:27  Drone x6  
  135  7:28  Drone  
  135  7:29  Corruptor  
  144  7:37  Corruptor x4  
  144  7:39  Overlord  
  144  7:44  Roach x3  
  158  7:51  Overlord x3  
  158  7:52  Overlord x2  
  158  7:53  Glial Reconstitution  
  158  8:09  Overlord  
  158  8:12  Infestation Pit  
  156  8:14  Roach x7  
  170  8:25  Ravager x3  
  170  8:26  Roach  
  170  8:27  Roach x5  
  185  8:28  Drone x6  
  185  8:33  Extractor  
  185  8:34  Ravager x6, Extractor  
  195  8:43  Ravager  
  196  8:51  Ravager x3  
  196  8:54  Hatchery  
  196  9:09  Hive  
  194  9:13  Ravager x3  
  194  9:15  Evolution Chamber x2  
  195  9:22  Baneling x15  
  195  9:23  Baneling  
  195  9:31  Zergling x10  
  179  9:48  Corruptor x5  
  171  9:53  Corruptor  
  171  9:55  Corruptor  
  175  10:00  Drone x8, Spine Crawler  
  175  10:02  Spine Crawler  
  175  10:03  Spine Crawler  
  175  10:04  Spore Crawler, Spine Crawler x2  
  175  10:06  Zerg Missile Weapons Level 1, Zerg Melee Weapons Level 1, Spine Crawler  
  176  10:07  Zergling x24, Spine Crawler  
  176  10:09  Roach x4  
  195  10:16  Spore Crawler  
  195  10:20  Drone x6, Spine Crawler  
  199  10:21  Adrenal Glands  
  199  10:25  Spine Crawler  
  199  10:27  Hatchery  
  196  10:42  Ravager x4  
  200  10:43  Baneling x19  
  194  11:17  Zergling x20  
  186  11:21  Corruptor x6  
  198  11:26  Drone x2  
  198  11:31  Spore Crawler  
  199  11:32  Spine Crawler  
  199  11:33  Greater Spire  
  199  11:35  Spine Crawler  
  197  11:47  Unknown  
  197  11:49  Baneling x13  
  197  11:50  Zergling x8  
  199  12:03  Zerg Melee Weapons Level 2, Zerg Missile Weapons Level 2  
  176  12:29  Zergling x14  
  176  12:30  Zergling x16  
  176  12:37  Zergling x20  
  176  12:38  Zergling x26  
  199  12:49  Spine Crawler x2  
  197  12:59  Baneling x32  
  197  13:01  Zerg Flyer Weapons Level 1  
  197  13:04  Zergling x4  
  199  13:13  Baneling x5  
  199  13:14  Baneling x5  
  154  13:43  Zergling x26  
  154  13:45  Roach x2  
  154  13:46  Roach x2  
  165  13:52  Corruptor x6  
  165  13:54  Corruptor x6  
  177  13:56  Zergling x10, Roach x4  
  177  13:57  Zergling x20  
  200  14:03  Pathogen Glands  
  200  14:04  Burrow  
  200  14:05  Overseer x2, Pneumatized Carapace  
  200  14:06  Overseer x3  
  199  14:22  Zerg Melee Weapons Level 3, Zerg Missile Weapons Level 3  
  185  14:35  Brood Lord x4  
  189  14:39  Brood Lord x5  
  189  14:41  Brood Lord  
  189  14:42  Brood Lord  
  189  14:44  Brood Lord  
  199  15:00  Neural Parasite  
  191  15:19  Spine Crawler  
  191  15:20  Spore Crawler  
  191  15:21  Spine Crawler  
  188  15:23  Spine Crawler  
  188  15:24  Spine Crawler  
  188  15:25  Spore Crawler  
  173  15:36  Corruptor  
  173  15:37  Corruptor x7  
  173  15:40  Zergling x20  
  199  15:47  Zergling x12  
Tags
 
Add a new tag
Caveats
  • Supply blocks, unpowered buildings, or Contaminate may cause inaccurate times.
  • Supply counts are checked every 10 seconds.